 Dungeon Crawl Stone Soup version 0.31-a0-702-gf82c85558f (webtiles) character file.

Game seed: 16975094626425479819

8618 qw the Skirmisher (level 11, -10/71 HPs)
             Began as a Gargoyle Hunter on Sept 7, 2023.
             Was a Priest of Okawaru.
             Mangled by a death yak simulacrum (20 damage)
             ... on level 1 of the Lair of Beasts.
             The game lasted 00:04:13 (9501 turns).

qw the Skirmisher (Gargoyle Hunter)                 Turns: 9501, Time: 00:04:14

Health: -10/71     AC: 23    Str: 15    XL:     11   Next: 33%
Magic:  12/14      EV: 15    Int: 10    God:    Okawaru [***...]
Gold:   262        SH:  0    Dex: 17    Spells: 10/10 levels left

rFire   + + .        s - +0 longbow
rCold   + . .        (shield currently unavailable)
rNeg    + . .        l - +0 ring mail
rPois   inf          j - +2 helmet
rElec   +            k - scarf {rC+ rF+}
rCorr   .            f - +2 pair of gloves
SInv    .            m - +0 pair of boots
Will    .....        (no amulet)
Stlth   +++          t - ring of protection from fire
HPRegen 0.31/turn    (no ring)
MPRegen 0.14/turn

%: no passive effects
@: heroic
A: sickness immunity, AC +8, negative energy resistance 1, electricity
resistance, torment resistance 1, petrification resistance
a: Renounce Religion, Heroism


You were on level 1 of the Lair of Beasts.
You worshipped Okawaru.
Okawaru was most pleased with you.
You visited 2 branches of the dungeon, and saw 10 of its levels.
You also visited: Ossuary.

You collected 394 gold pieces.
You spent 132 gold pieces at shops.


Innate Abilities, Weirdness & Mutations

You are immune to sickness and miasma.
Your stone body is resilient. (AC +8)
You are immune to poison.
You resist negative energy. (rN+)
You are resistant to electric shocks. (rElec)
You are resistant to unholy torment.
You are immune to petrification.


   Skills:
 - Level 9.1(14.1) Fighting
 + Level 13.7(18.7) Ranged Weapons
 - Level 5.0(10.0) Armour
 - Level 4.1(9.1) Dodging
 - Level 1.1(6.1) Stealth
 + Level 4.1 Invocations


You had 10 spell levels left.
You didn't know any spells.
Your spell library was empty.

Inventory:

Hand Weapons
 s - a +0 longbow (weapon)
Armour
 b - a +0 cloak
 f - a +2 pair of gloves (worn)
 j - a +2 helmet (worn)
 k - a scarf of resistance (worn)
 l - a +0 ring mail (worn)
 m - a +0 pair of boots (worn)
Jewellery
 t - a ring of protection from fire (left hand)
Wands
 q - a wand of digging (6)
Scrolls
 a - 2 scrolls of identify
 r - a scroll of teleportation
Potions
 c - a potion of cancellation
 d - 3 potions of curing
 e - 2 potions of mutation
 g - a potion of might
 h - 3 potions of enlightenment
 i - 2 potions of resistance
 n - 2 potions of heal wounds
 p - a potion of ambrosia {unknown}

Dungeon Overview and Level Annotations

Branches:
Dungeon (9/15)             Temple (0/1) D:5            Lair (1/5) D:9
Ossuary (visited)
    Orc: D:9-12

Altars:
Dithmenos
Elyvilon
Fedhas
Gozag
Kikubaaqudgha
Nemelex Xobeh
Okawaru
Qazlal
Ru
Trog
Vehumet
Wu Jian

Shops:
D:3 :   D:4 *   D:5 (

Annotations:
D:6 exclusion: 7 electric eels


Message History

You shoot an arrow. The arrow hits the ice devil!
The ice devil is severely wounded.
A death yak simulacrum comes into view.
You shoot an arrow. The arrow barely misses the ice devil.
You shoot an arrow. The arrow closely misses the ice devil.
The ice devil hits you but does no damage.
You shoot an arrow. The arrow hits the ice devil!
The ice devil is almost dead.
The ice devil hits you but does no damage.
You shoot an arrow. The arrow hits the ice devil!
You kill the ice devil!
Okawaru accepts your kill.
You can now speed up your combat.
A troll simulacrum comes into view.
You shoot an arrow.
The arrow hits the death yak simulacrum.
The death yak simulacrum is lightly damaged.
You shoot an arrow.
The arrow hits the death yak simulacrum!
The death yak simulacrum is moderately damaged.
You shoot an arrow.
The arrow hits the death yak simulacrum!
The death yak simulacrum is severely damaged.
The death yak simulacrum gores you! The death yak simulacrum freezes you!
You resist.
You shoot an arrow.
The arrow completely misses the death yak simulacrum.
You shoot an arrow.
The arrow hits the death yak simulacrum!
The death yak simulacrum is almost destroyed.
The death yak simulacrum gores you! The death yak simulacrum freezes you!
You resist.
9501 ||| INVOKING Heroism.
You gain the combat prowess of a mighty hero.
You can no longer speed up your combat.
The troll simulacrum bites you. The troll simulacrum freezes you. You resist.
The troll simulacrum closely misses you.
The troll simulacrum claws you but does no damage.
The death yak simulacrum gores you! The death yak simulacrum freezes you!!
You resist.
You die...

~.~~ ....... ~~~~~
...~~~~ ~~~~~ # ~~~~~~~
~~~ #### ~~~~~~~
#~#######...
~~~~~~P######.....#.#...
.......)................
......ZZ..........#.....
#@................
##)...###....#.....
#...###P#.....#.... #
##...#.............
##..##.................
........................
.......................
.........#............
.........##...........


You could see a death yak simulacrum and a troll simulacrum.

Vanquished Creatures
  A two-headed ogre (D:6)
  An ugly thing (D:6)
  2 kobold demonologists (D:7)
  A komodo dragon (D:9)
  An ice devil (Lair:1)
  Grinder (D:5)
  A wraith (Ossuary)
  15 yaks
  A wyvern (D:9)
  A basilisk (Lair:1)
  A steam dragon (D:7)
  A water moccasin (D:7)
  An orc warrior (D:7)
  2 sky beasts (D:7)
  3 black bears (D:5)
  4 ogres (D:6)
  3 centaurs
  2 phantoms (D:5)
  An elf zombie (Ossuary)
  7 bullfrogs
  A kobold brigand (D:9)
  A scorpion (D:6)
  4 wights (D:7)
  10 killer bees
  An electric eel (D:6)
  2 hounds
  2 jellies (D:6)
  A gnoll bouda (D:5)
  A human zombie (Ossuary)
  6 orc priests
  2 sleepcaps
  Terence (D:3)
  4 iguanas
  6 orc wizards
  A hound skeleton (D:3)
  3 mummies (Ossuary)
  8 gnolls
  7 adders
  An ufetubus (D:7)
  An adder zombie (D:3)
  A worm (D:3)
  3 dart slugs
  39 orcs
  5 bats
  5 endoplasms
  3 giant cockroaches
  A gnoll zombie (Ossuary)
  4 goblins
  12 hobgoblins
  6 jackals
  17 kobolds
  3 quokkas
  8 ball pythons
  3 frilled lizards
  2 kobold zombies (Ossuary)
  6 rats
231 creatures vanquished.

Notes
Turn   | Place    | Note
-------+----------+-------------------------------------------
     0 | D:1      | qw the Gargoyle Hunter began the quest for the Orb.
     0 | D:1      | Reached XP level 1. HP: 12/12 MP: 1/1
     0 | D:1      | 0 ||| qw: Version: 0.3-a-76-g4403597
     0 | D:1      | 0 ||| qw: Game counter: 859
     0 | D:1      | 0 ||| qw: Melee chars always use a shield: true
     0 | D:1      | 0 ||| qw: God list: Okawaru
     0 | D:1      | 0 ||| qw: Allow faded altars: false
     0 | D:1      | 0 ||| qw: Do Orc after clearing Dungeon:15 true
     0 | D:1      | 0 ||| qw: Do second Lair branch before Depths: true
     0 | D:1      | 0 ||| qw: Lair rune preference: random
     0 | D:1      | 0 ||| qw: Goals: Normal
     0 | D:1      | 0 ||| PLANNING D:1-11
   305 | D:1      | Reached XP level 2. HP: 11/17 MP: 2/2
   353 | D:1      | 353 ||| UPGRADING to +2 pair of gloves.
   358 | D:1      | 358 ||| DRINKING 2 smoky clear potions.
   359 | D:1      | 359 ||| DROPPING scroll of butterflies.
   360 | D:1      | 360 ||| Stepping ~*~*~tactically~*~*~ (water).
   552 | D:1      | Reached XP level 3. HP: 21/21 MP: 3/3
   891 | D:1      | 891 ||| READING scroll labelled VEIXTUDIQO.
   892 | D:1      | 892 ||| READING scroll labelled WOGORGHOHEL.
   893 | D:1      | 893 ||| DRINKING 2 pink potions.
   894 | D:1      | 894 ||| DROPPING potion of degeneration.
   929 | D:2      | Reached skill level 5 in Ranged Weapons
  1107 | D:2      | Reached skill level 3 in Fighting
  1255 | D:2      | Found a faded altar of an unknown god.
  1377 | D:2      | Reached XP level 4. HP: 28/28 MP: 4/4
  1618 | D:2      | 1618 ||| UPGRADING to +0 helmet.
  1623 | D:2      | 1623 ||| UPGRADING to +0 ring mail.
  1633 | D:2      | 1633 ||| DROPPING +0 leather armour.
  1634 | D:2      | 1634 ||| DROPPING amulet of magic regeneration.
  1635 | D:2      | 1635 ||| READING scroll labelled YTYF EFOFOL.
  1636 | D:2      | 1636 ||| READING scroll labelled IJESTOSTAGO.
  1640 | D:2      | 1640 ||| READING scroll labelled FANGOANYWNO.
  1658 | D:2      | 1658 ||| READING scroll labelled LOEGEGH OQ XUS.
  1659 | D:2      | 1659 ||| READING scroll labelled HEIXEHEORE.
  1660 | D:2      | 1660 ||| READING scroll labelled BOZIPL NEOR.
  1661 | D:2      | 1661 ||| READING scroll labelled KULUACARISU.
  1678 | D:3      | 1678 ||| STAIRDANCE
  1711 | D:3      | Reached skill level 1 in Armour
  1745 | D:3      | 1745 ||| DRINKING 2 potions of curing.
  1745 | D:3      | 1745 ||| (to cure confusion)
  1747 | D:3      | 1747 ||| Stepping ~*~*~tactically~*~*~ (retreating).
  1748 | D:3      | 1748 ||| Stepping ~*~*~tactically~*~*~ (retreating).
  1749 | D:3      | 1749 ||| Stepping ~*~*~tactically~*~*~ (retreating).
  1754 | D:3      | 1754 ||| Stepping ~*~*~tactically~*~*~ (retreating).
  1755 | D:3      | 1755 ||| Stepping ~*~*~tactically~*~*~ (retreating).
  1756 | D:3      | 1756 ||| Stepping ~*~*~tactically~*~*~ (retreating).
  1763 | D:3      | 1763 ||| DRINKING potion of curing.
  1763 | D:3      | 1763 ||| (to cure confusion)
  1777 | D:3      | HP: 1/28 [something/puff of flame (11)]
  1941 | D:3      | Reached XP level 5. HP: 30/32 MP: 5/5
  2162 | D:3      | Noticed Terence
  2172 | D:3      | Killed Terence
  2173 | D:3      | Reached skill level 6 in Ranged Weapons
  2173 | D:3      | 2173 ||| FLEEEEING.
  2174 | D:3      | 2174 ||| FLEEEEING.
  2179 | D:3      | 2179 ||| STAIRDANCE
  2193 | D:2      | 2193 ||| UPGRADING to +0 cloak.
  2198 | D:2      | 2198 ||| READING scroll labelled JIWAOHIUGO.
  2291 | D:3      | Found a white marble altar of Elyvilon.
  2514 | D:3      | Found Mezxipli's Book Shoppe.
  2692 | D:3      | 2692 ||| DRINKING 3 sapphire potions.
  2743 | D:4      | 2743 ||| PLANNING OSSUARY
  2880 | D:4      | Reached XP level 6. HP: 30/38 MP: 6/6
  2968 | D:4      | Found a sand-covered staircase.
  2969 | D:4      | 2969 ||| READING 2 scrolls of identify.
  2969 | D:4      | 2969 ||| IDENTIFYING cyan potion
  2975 | Ossuary  | Entered an ossuary
  2975 | Ossuary  | Noticed a wraith
  2975 | Ossuary  | Noticed a wraith
  2975 | Ossuary  | Noticed a wraith
  3108 | Ossuary  | 3108 ||| READING scroll of enchant weapon.
  3108 | Ossuary  | 3108 ||| ENCHANTING +1 shortbow.
  3253 | Ossuary  | Noticed a wraith
  3264 | Ossuary  | HP: 9/38 [wraith (5)]
  3265 | Ossuary  | 3265 ||| READING 2 scrolls of teleportation.
  3369 | Ossuary  | HP: 8/38 [wraith (6)]
  3370 | Ossuary  | 3370 ||| READING scroll of teleportation.
  3371 | Ossuary  | HP: 2/38 [wraith (4)]
  3376 | Ossuary  | Killed a wraith
  3377 | Ossuary  | Reached skill level 7 in Ranged Weapons
  3377 | Ossuary  | Reached XP level 7. HP: 5/43 MP: 7/7
  3662 | Ossuary  | 3662 ||| READING scroll labelled IROTWUG ZUM UPOQU.
  3662 | Ossuary  | Identified a scroll of acquirement
  3662 | Ossuary  | 3662 ||| ACQUIRING scarf of resistance
  3662 | Ossuary  | Acquired a scarf of resistance
  3664 | Ossuary  | 3664 ||| UPGRADING to scarf of resistance.
  3674 | Ossuary  | 3674 ||| DRINKING 5 fuming blue potions.
  3675 | Ossuary  | 3675 ||| READING 3 scrolls of identify.
  3675 | Ossuary  | 3675 ||| IDENTIFYING fizzy pink potion
  3676 | Ossuary  | 3676 ||| READING 2 scrolls of identify.
  3676 | Ossuary  | 3676 ||| IDENTIFYING murky brown potion
  3693 | D:4      | 3693 ||| PLANNING D:1-11
  3787 | D:4      | Found an iron altar of Okawaru.
  3788 | D:4      | 3788 ||| PLANNING OKAWARU WORSHIP
  3788 | D:4      | 3788 ||| READING 2 scrolls of identify.
  3788 | D:4      | 3788 ||| IDENTIFYING viscous white potion
  3796 | D:4      | Became a worshipper of Warmaster Okawaru
  3797 | D:4      | 3797 ||| PLANNING D:1-11
  4143 | D:4      | Found Use Noer's CLEARANCE SALE!.
  4248 | D:4      | 4248 ||| UPGRADING to ring of protection from fire.
  4249 | D:4      | 4249 ||| READING scroll labelled UMOPPI KALOG.
  4250 | D:4      | 4250 ||| READING 2 scrolls of identify.
  4250 | D:4      | 4250 ||| IDENTIFYING orange potion
  4251 | D:4      | 4251 ||| DROPPING potion of brilliance.
  4289 | D:5      | Entered Level 5 of the Dungeon
  4291 | D:5      | 4291 ||| STAIRDANCE
  4358 | D:5      | Reached skill level 8 in Ranged Weapons
  4497 | D:5      | 4497 ||| SWAPPING to +0 orcbow.
  4505 | D:5      | 4505 ||| Stepping ~*~*~tactically~*~*~ (retreating).
  4506 | D:5      | 4506 ||| Stepping ~*~*~tactically~*~*~ (retreating).
  4507 | D:5      | 4507 ||| Stepping ~*~*~tactically~*~*~ (retreating).
  4508 | D:5      | 4508 ||| Stepping ~*~*~tactically~*~*~ (retreating).
  4513 | D:5      | Reached XP level 8. HP: 29/49 MP: 8/8
  4522 | D:5      | HP: 9/49 [gnoll bouda/+0 whip (6)]
  4523 | D:5      | 4523 ||| READING scroll of teleportation.
  4524 | D:5      | 4524 ||| DRINKING 4 potions of heal wounds.
  4638 | D:5      | 4638 ||| DROPPING +2 shortbow.
  4680 | D:5      | Found Ogoiti Sour's Firing Range.
  4688 | D:5      | 4688 ||| BUYING +0 arbalest (54 gold).
  4688 | D:5      | Bought a +0 arbalest for 54 gold pieces
  4688 | D:5      | 4688 ||| BUYING +0 longbow (78 gold).
  4688 | D:5      | Bought a +0 longbow for 78 gold pieces
  4688 | D:5      | 4688 ||| SHOPLISTING +0 triple crossbow (120 gold, have
                  | 10).
  4688 | D:5      | 4688 ||| SWAPPING to +0 longbow.
  4689 | D:5      | 4689 ||| DROPPING +0 orcbow.
  4690 | D:5      | 4690 ||| DROPPING +0 arbalest.
  4718 | D:5      | Reached * piety under Okawaru
  4741 | D:5      | Noticed Grinder
  4742 | D:5      | 4742 ||| INVOKING Heroism.
  4749 | D:5      | Killed Grinder
  4776 | D:5      | 4776 ||| INVOKING Heroism.
  4778 | D:5      | Reached skill level 1 in Invocations
  4797 | D:5      | Reached skill level 9 in Ranged Weapons
  4860 | D:5      | 4860 ||| INVOKING Heroism.
  4930 | D:5      | Found a sparkling altar of Nemelex Xobeh.
  4954 | D:5      | 4954 ||| INVOKING Heroism.
  4987 | D:5      | Found a stormy altar of Qazlal.
  5037 | D:5      | 5037 ||| INVOKING Heroism.
  5040 | D:5      | Reached skill level 6 in Fighting
  5040 | D:5      | Reached skill level 3 in Invocations
  5108 | D:5      | 5108 ||| Stepping ~*~*~tactically~*~*~ (retreating).
  5109 | D:5      | 5109 ||| Stepping ~*~*~tactically~*~*~ (retreating).
  5110 | D:5      | 5110 ||| Stepping ~*~*~tactically~*~*~ (retreating).
  5111 | D:5      | 5111 ||| Stepping ~*~*~tactically~*~*~ (retreating).
  5111 | D:5      | Found a staircase to the Ecumenical Temple.
  5112 | D:5      | 5112 ||| Stepping ~*~*~tactically~*~*~ (retreating).
  5117 | D:5      | 5117 ||| INVOKING Heroism.
  5120 | D:5      | HP: 12/51 [killer bee (6)]
  5121 | D:5      | 5121 ||| DRINKING 3 potions of heal wounds.
  5125 | D:5      | 5125 ||| DRINKING 2 potions of heal wounds.
  5134 | D:5      | 5134 ||| INVOKING Heroism.
  5137 | D:5      | Reached XP level 9. HP: 34/55 MP: 8/12
  5328 | D:5      | Found a blossoming altar of Fedhas.
  5412 | D:5      | Found a radiant altar of Vehumet.
  5535 | D:6      | 5535 ||| INVOKING Heroism.
  5543 | D:6      | Noticed a two-headed ogre
  5552 | D:6      | Killed a two-headed ogre
  5553 | D:6      | Reached skill level 10 in Ranged Weapons
  5689 | D:6      | Noticed a white ugly thing
  5698 | D:6      | Killed a white ugly thing
  5698 | D:6      | Reached ** piety under Okawaru
  5725 | D:6      | 5725 ||| INVOKING Heroism.
  5777 | D:6      | 5777 ||| INVOKING Heroism.
  5820 | D:6      | 5820 ||| INVOKING Heroism.
  5879 | D:6      | 5879 ||| INVOKING Heroism.
  6096 | D:6      | 6096 ||| INVOKING Heroism.
  6140 | D:6      | 6140 ||| Stepping ~*~*~tactically~*~*~ (outnumbered).
  6142 | D:6      | 6142 ||| Stepping ~*~*~tactically~*~*~ (outnumbered).
  6144 | D:6      | 6144 ||| INVOKING Heroism.
  6278 | D:6      | Reached skill level 11 in Ranged Weapons
  6428 | D:6      | 6428 ||| INVOKING Heroism.
  6435 | D:6      | Reached skill level 3 in Dodging
  6435 | D:6      | Reached XP level 10. HP: 63/63 MP: 10/13
  6492 | D:6      | 6492 ||| INVOKING Heroism.
  6682 | D:6      | 6682 ||| READING 2 scrolls of identify.
  6682 | D:6      | 6682 ||| IDENTIFYING glowing amethyst potion
  6683 | D:6      | 6683 ||| DROPPING potion of invisibility.
  6751 | D:7      | 6751 ||| INVOKING Heroism.
  7023 | D:7      | Noticed a kobold demonologist
  7024 | D:7      | 7024 ||| Stepping ~*~*~tactically~*~*~ (outnumbered).
  7031 | D:7      | 7031 ||| Stepping ~*~*~tactically~*~*~ (retreating).
  7032 | D:7      | 7032 ||| Stepping ~*~*~tactically~*~*~ (retreating).
  7043 | D:7      | Killed a kobold demonologist
  7048 | D:7      | Noticed a kobold demonologist
  7053 | D:7      | 7053 ||| RETREATING.
  7058 | D:7      | 7058 ||| Stepping ~*~*~tactically~*~*~ (retreating).
  7059 | D:7      | 7059 ||| Stepping ~*~*~tactically~*~*~ (retreating).
  7060 | D:7      | 7060 ||| Stepping ~*~*~tactically~*~*~ (retreating).
  7061 | D:7      | 7061 ||| Stepping ~*~*~tactically~*~*~ (retreating).
  7062 | D:7      | 7062 ||| Stepping ~*~*~tactically~*~*~ (retreating).
  7065 | D:7      | Killed a kobold demonologist
  7066 | D:7      | Reached skill level 12 in Ranged Weapons
  7143 | D:7      | 7143 ||| READING scroll of enchant armour.
  7143 | D:7      | 7143 ||| ENCHANTING +0 helmet.
  7169 | D:7      | Found an ancient bone altar of Kikubaaqudgha.
  7245 | D:7      | Found a bloodstained altar of Trog.
  7271 | D:7      | Found a sacrificial altar of Ru.
  7278 | D:7      | 7278 ||| READING scroll of enchant armour.
  7278 | D:7      | 7278 ||| ENCHANTING +1 helmet.
  7295 | D:7      | Found a shadowy altar of Dithmenos.
  7380 | D:7      | 7380 ||| INVOKING Heroism.
  7384 | D:7      | 7384 ||| RETREATING.
  7395 | D:7      | 7395 ||| INVOKING Heroism.
  7469 | D:7      | Found an ornate altar of the Wu Jian Council.
  7605 | D:7      | 7605 ||| DRINKING 2 inky potions.
  7635 | D:7      | 7635 ||| DRINKING 2 white potions.
  7739 | D:7      | 7739 ||| DROPPING potion of lignification.
  7740 | D:7      | 7740 ||| DROPPING potion of berserk rage.
  7749 | D:8      | 7749 ||| STAIRDANCE
  7751 | D:7      | 7751 ||| Stepping ~*~*~tactically~*~*~ (retreating).
  7752 | D:7      | 7752 ||| Stepping ~*~*~tactically~*~*~ (retreating).
  7755 | D:7      | 7755 ||| Stepping ~*~*~tactically~*~*~ (retreating).
  7756 | D:7      | 7756 ||| Stepping ~*~*~tactically~*~*~ (retreating).
  7757 | D:7      | 7757 ||| Stepping ~*~*~tactically~*~*~ (retreating).
  7758 | D:7      | 7758 ||| Stepping ~*~*~tactically~*~*~ (retreating).
  7759 | D:7      | 7759 ||| Stepping ~*~*~tactically~*~*~ (retreating).
  7760 | D:7      | 7760 ||| Stepping ~*~*~tactically~*~*~ (retreating).
  7761 | D:7      | 7761 ||| Stepping ~*~*~tactically~*~*~ (retreating).
  7762 | D:7      | 7762 ||| INVOKING Heroism.
  7889 | D:8      | 7889 ||| STAIRDANCE
  7899 | D:7      | Reached skill level 13 in Ranged Weapons
  7901 | D:7      | Reached *** piety under Okawaru
  8060 | D:8      | 8060 ||| Stepping ~*~*~tactically~*~*~ (outnumbered).
  8063 | D:8      | 8063 ||| Stepping ~*~*~tactically~*~*~ (outnumbered).
  8067 | D:8      | 8067 ||| Stepping ~*~*~tactically~*~*~ (outnumbered).
  8592 | D:8      | 8592 ||| UPGRADING to +0 pair of boots.
  8630 | D:9      | Reached skill level 9 in Fighting
  8630 | D:9      | Reached XP level 11. HP: 71/71 MP: 14/14
  8635 | D:9      | 8635 ||| Stepping ~*~*~tactically~*~*~ (outnumbered).
  8637 | D:9      | 8637 ||| Stepping ~*~*~tactically~*~*~ (outnumbered).
  8655 | D:9      | 8655 ||| Stepping ~*~*~tactically~*~*~ (outnumbered).
  8771 | D:9      | Found an opulent altar of Gozag.
  8796 | D:9      | Found a staircase to the Lair.
  8812 | D:9      | 8812 ||| INVOKING Heroism.
  9059 | D:9      | 9059 ||| FLEEEEING.
  9060 | D:9      | 9060 ||| FLEEEEING.
  9061 | D:9      | 9061 ||| RETREATING.
  9069 | D:9      | 9069 ||| INVOKING Heroism.
  9412 | D:9      | 9412 ||| PLANNING LAIR
  9412 | D:9      | 9412 ||| DROPPING +1 helmet.
  9441 | Lair:1   | Entered Level 1 of the Lair of Beasts
  9494 | Lair:1   | Reached **** piety under Okawaru
  9501 | Lair:1   | 9501 ||| INVOKING Heroism.
  9501 | Lair:1   | HP: 10/71 [death yak simulacrum (12)]
  9501 | Lair:1   | Mangled by a death yak simulacrum

Levels and vault maps discovered:
D:1:      dpeg_arrival_erosion, layout_loops_corners, serial_bayou_pond_a,
          minmay_misc_feat_tower, nicolae_eternal_life
D:2:      layout_loops_ring, ebering_ecumenical_altar_webs,
          roderic_cross_of_infinity, uniq_crazy_yiuf_cottage
D:3:      layout_basic, mainiacjoe_overflow_alcove_2, serial_undead,
          serial_undead_b, serial_undead_e, serial_undead_a, serial_undead_f,
          serial_shops, nicolae_shop_window_shopping, uniq_terence
D:4:      layout_basic, overflow_temple_1_default,
          nicolae_ossuary_entry_monument, kennysheep_decorative_pillar,
          nicolae_shop_clearance
D:5:      layout_gridville, fedhas_altar_1, mainiacjoe_overflow_two_lobes,
          nicolae_vehumet_altar_sigil, minmay_temple_entry_gardened_gates,
          nicolae_shop_firing_range, uniq_grinder
D:6:      cheibrodos_two_vegetables, layout_loops_ring
D:7:      layout_rooms, nicolae_overflow_quartered_altars, lemuel_crystal_altar,
          serial_rivers, chequers_serial_rivers_micro_d,
          chequers_serial_rivers_micro_b, chequers_serial_rivers_room_a,
          chequers_serial_rivers_small_3, chequers_serial_rivers_large_b,
          kennysheep_potato
D:8:      layout_loops_ring
D:9:      layout_basic, mainiacjoe_overflow_tiny_flanked, david_lair_shrubbed
Lair:1:   dreamdust_isle_of_ice, layout_gridlike

Skill      XL: |  1  2  3  4  5  6  7  8  9 10 11 |
---------------+----------------------------------+-----
Ranged Weapons | 5 6 7 8 9 11 13 | 13.7
Fighting       | 3 4 5 6 7 9 |  9.1
Armour         | 1 2 4 5 |  5.0
Dodging        | 2 3 4 |  4.1
Invocations    | 4 |  4.1
Stealth        | |  1.1

Action                     |  1- 3 |  4- 6 |  7- 9 | 10-12 || total
---------------------------+-------+-------+-------+-------++-------
   Fire: Shortbow          |   104 |   244 |    70 |       ||   418
         Orcbow            |       |       |    26 |       ||    26
         Longbow           |       |       |   180 |   332 ||   512
 Invoke: Heroism           |       |       |    15 |     8 ||    23
    Use: Potion            |     2 |     3 |     4 |     2 ||    11
         Scroll            |     2 |    12 |     7 |     3 ||    24
 Armour: Leather armour    |    10 |       |       |       ||    10
         Ring mail         |       |   134 |   219 |   206 ||   559
  Dodge: Dodged            |    12 |    87 |   171 |   167 ||   437

Table legend:
 A = Non-vault XP
 B = Vault XP
 C = Vault XP percentage of total XP
 D = Non-vault monster count
 E = Vault monster count
 F = Vault count percentage of total count
                 A         B        C        D         E       F
            +---------+---------+-------+---------+---------+-------
      Total |    8869 |    3443 |  28.0 |     209 |      22 |   9.5
            +---------+---------+-------+---------+---------+-------
        D:1 |      37 |       0 |   0.0 |      24 |       0 |   0.0
        D:2 |      54 |       0 |   0.0 |      17 |       0 |   0.0
        D:3 |     111 |      59 |  34.7 |      20 |       3 |  13.0
        D:4 |     165 |       0 |   0.0 |      18 |       0 |   0.0
        D:5 |    1408 |     272 |  16.2 |      34 |       1 |   2.9
        D:6 |     945 |    1542 |  62.0 |      24 |       4 |  14.3
        D:7 |    3133 |     451 |  12.6 |      39 |       3 |   7.1
        D:8 |     610 |       0 |   0.0 |      13 |       0 |   0.0
        D:9 |    2219 |     361 |  14.0 |      19 |       1 |   5.0
     Lair:1 |     187 |     351 |  65.2 |       1 |       1 |  50.0
    Ossuary |       0 |     407 | 100.0 |       0 |       9 | 100.0
            +---------+---------+-------+---------+---------+-------
